 Dungeon Crawl Stone Soup version 0.22.1-2-g9c5b331 (webtiles) character file.

134 diana the Shield-Bearer (level 4, -14/40 HPs)
             Began as a Minotaur Fighter on Dec 3, 2018.
             Killed from afar by Ijyb (27 damage)
             ... with a wand of acid (4)
             ... on level 3 of the Dungeon.
             The game lasted 00:02:28 (1980 turns).

diana the Shield-Bearer (Minotaur Fighter)          Turns: 1980, Time: 00:02:29

Health: -14/40     AC:  8    Str: 21    XL:     4   Next: 95%
Magic:  3/3        EV:  8    Int:  7    God:
Gold:   109        SH:  9    Dex: 10    Spells: 3/3 levels left

rFire    . . .     SeeInvis .   a - +0 war axe
rCold    . . .     Gourm    .   c - +0 shield
rNeg     . . .     Faith    .   b - +0 scale mail
rPois    .         Spirit   .   (helmet restricted)
rElec    .         Reflect  .   s - +0 cloak (curse)
rCorr    .         Harm     +   (no gloves)
MR       .....                  (no boots)
Stlth    ..........             h - amulet of harm
HPRegen  0.13/turn              m - +2 ring of intelligence
MPRegen  0.08/turn              (no ring)

@: no status effects
A: retaliatory headbutt, horns 2
a: no special abilities


You were on level 3 of the Dungeon.
You were not hungry.

You visited 1 branch of the dungeon, and saw 3 of its levels.

You collected 109 gold pieces.

Inventory:

Hand Weapons
 a - a +0 war axe (weapon)
Armour
 b - a +0 scale mail (worn)
 c - a +0 shield (worn)
 s - a cursed +0 cloak (worn)
Jewellery
 h - an amulet of harm (around neck)
 k - an uncursed amulet of the acrobat
 m - a +2 ring of intelligence (left hand)
Scrolls
 e - 2 scrolls of teleportation {unknown}
 i - 2 scrolls of remove curse {unknown}
 j - 4 scrolls of identify
 q - a scroll of random uselessness {unknown}
 t - a scroll of magic mapping {unknown}
Potions
 d - a potion of might
 g - a potion of curing
 l - a potion of mutation {unknown}
 n - a potion of berserk rage {unknown}
 o - a potion of brilliance {unknown}
 p - a potion of haste {unknown}
Comestibles
 f - 8 rations


   Skills:
 + Level 4.1 Fighting
 * Level 3.7 Axes
 + Level 4.1 Armour
 * Level 2.3 Dodging
 * Level 4.7 Shields


You had 3 spell levels left.
You didn't know any spells.
Your spell library was empty.

Dungeon Overview and Level Annotations

Branches:
Dungeon (3/15)

Altars:
Ashenzari
Gozag

Annotations:
D:3 Ijyb


Innate Abilities, Weirdness & Mutations

You reflexively headbutt those who attack you in melee.
You have a pair of horns on your head.


Message History

You are too injured to fight recklessly!
You are too injured to fight recklessly!
You are too injured to fight recklessly!
You are too injured to fight recklessly!
It was a potion of curing.
You feel better. Ijyb closely misses you.
You hit Ijyb.
Ijyb is moderately wounded.
Ijyb screams, "Level is mine!
All mine!"
You block Ijyb's attack.
You barely miss Ijyb. You headbutt Ijyb!
Ijyb is heavily wounded.
You block Ijyb's attack.
You hit Ijyb but do no damage. You headbutt Ijyb, but do no damage.
Ijyb is heavily wounded.
You block Ijyb's attack. x2
You hit Ijyb.
Ijyb is severely wounded.
Ijyb zaps a wand.
The bolt of acid hits you!
Ouch! That really hurt!
You die...

## ###########
..############..@g......
#...........##.#########
#..########.##.#
#..########.##.#
...##........#.#
#..##.###.###..#
......##..# #..#
#..#####..###.## #<.#
#.#...###


You could see Ijyb.

Vanquished Creatures
  An iguana (D:2)
  Natasha (D:3)
  A howler monkey zombie (D:3)
  3 adders (D:2)
  An ooze (D:3)
  A leopard gecko (D:1)
  6 bats
  6 giant cockroaches
  A goblin (D:2)
  6 hobgoblins
  2 jackals (D:1)
  2 quokkas (D:2)
  A ball python (D:1)
  A frilled lizard (D:2)
  4 kobolds
  5 rats (D:2)
42 creatures vanquished.

Vanquished Creatures (others)
  A minotaur (D:1)
  2 draconians (D:1)
  An octopode (D:1)
  A vine stalker (D:1)
  2 trolls (D:1)
  2 spriggans (D:1)
  2 vampires (D:1)
  A human (D:1)
  A centaur (D:1)
  A mummy (D:1)
  A kobold (D:1)
  7 tentacles (D:1)
22 creatures vanquished.

Grand Total: 64 creatures vanquished

Notes
Turn   | Place    | Note
-------+----------+-------------------------------------------
     0 | D:1      | diana the Minotaur Fighter began the quest for the Orb.
     0 | D:1      | Reached XP level 1. HP: 19/19 MP: 0/0
     2 | D:1      | Noticed a human
     2 | D:1      | Noticed a vampire
     2 | D:1      | Noticed a troll
     2 | D:1      | Noticed a spriggan
     2 | D:1      | Noticed a minotaur
     2 | D:1      | Noticed a kraken
     2 | D:1      | Noticed a troll
     2 | D:1      | Noticed a vine stalker
     2 | D:1      | Noticed a draconian
     2 | D:1      | Noticed a draconian
     2 | D:1      | Noticed an octopode
     2 | D:1      | Noticed a vampire
     2 | D:1      | Noticed a spriggan
     2 | D:1      | Noticed a centaur
     3 | D:1      | Killed a draconian
     4 | D:1      | Killed a troll
     4 | D:1      | Killed a vine stalker
     5 | D:1      | Killed a centaur
     6 | D:1      | Killed a human
     6 | D:1      | Killed a spriggan
     7 | D:1      | Killed a spriggan
     9 | D:1      | Killed a vampire
     9 | D:1      | Killed a vampire
    10 | D:1      | Killed a draconian
    10 | D:1      | Killed a troll
    11 | D:1      | Killed a minotaur
    11 | D:1      | Killed an octopode
   215 | D:1      | Reached XP level 2. HP: 27/27 MP: 1/1
   390 | D:1      | Reached skill level 1 in Dodging
   462 | D:2      | Found a shattered altar of Ashenzari.
   747 | D:2      | Found an opulent altar of Gozag.
   970 | D:2      | Reached XP level 3. HP: 33/33 MP: 2/2
  1184 | D:2      | Reached XP level 4. HP: 40/40 MP: 3/3
  1731 | D:3      | Noticed Natasha
  1743 | D:3      | Killed Natasha
  1970 | D:3      | Noticed Ijyb
  1980 | D:3      | Killed from afar by Ijyb

Skill      XL: |  1  2  3  4 |
---------------+-------------+-----
Dodging        | 1 2 |  2.3
Shields        | 4 |  4.7
Axes           | 3 |  3.7
Fighting       | 4 |  4.1
Armour         | 4 |  4.1

Action                   |  1- 3 |  4- 6 || total
-------------------------+-------+-------++-------
Melee: War axe           |    80 |    47 ||   127
       Headbutt          |    13 |     7 ||    20
  Use: Scroll            |       |     1 ||     1
       Potion            |       |     1 ||     1
  Eat: Chunk             |       |     4 ||     4
Armor: Scale mail        |    35 |    12 ||    47
Dodge: Dodged            |    27 |    21 ||    48
Block: Shield            |    50 |    21 ||    71
